 Dungeon Crawl Stone Soup version 0.32-a0-560-g4c7f4391e0 (webtiles) character file.

Game seed: 10657167133371105427

155803 croobank the Necromancer (level 17, -5/91 HPs)
             Began as a Felid Summoner on Feb 29, 2024.
             Was an Elder of Jiyva.
             Slain by a demonic crawler (13 damage)
             ... on level 1 of the Spider Nest.
             The game lasted 03:05:31 (36147 turns).

croobank the Necromancer (Felid Summoner)          Turns: 36147, Time: 03:05:32

Health: -5/91      AC:  3    Str: 10      XL:     17   Next: 9%
Magic:  33/34      EV: 23    Int: 22 (26) God:    Jiyva [****..]
Gold:   825        SH:  0    Dex: 16      Spells: 2/40 levels left
                                        Lives:  0   Deaths: 6

rFire   . . .        (weapon unavailable)
rCold   + . .        (shield unavailable)
rNeg    + . .        (body armour unavailable)
rPois   .            (helmet unavailable)
rElec   +            (cloak unavailable)
rCorr   +            (gloves unavailable)
SInv    +            (boots unavailable)
Will    ++...        F - amulet of regeneration
Stlth   ++++         u - ring of positive energy
HPRegen 2.43/turn    k - ring "Tuiff" {rElec rCorr Str+4 Slay-6}
MPRegen 0.88/turn

%: no passive effects
@: death channelling, animating dead
A: very small, claws 1, fangs 3, see invisible, shaggy fur 3, stealthy paws, no
weapons or thrown items, no armour, multi-lived, antennae 3, engulf
a: Renounce Religion, Oozemancy, Slimify


You were on level 1 of the Spider Nest.
You worshipped Jiyva.
Jiyva was greatly pleased with you.
You visited 6 branches of the dungeon, and saw 29 of its levels.
You also visited: Ossuary and Volcano.

You collected 1965 gold pieces.
You spent 1140 gold pieces at shops.

Inventory:

Jewellery
 a - a ring of protection from fire
 c - a +4 ring of slaying
 e - a ring of poison resistance
 g - a ring of fire
 k - the ring "Tuiff" (right paw) {rElec rCorr Str+4 Slay-6}
   (You bought it in a shop on level 4 of the Dungeon)

   [ring of resist corrosion]

   Str+4:     It affects your strength (+4).
   Slay-6:    It affects your accuracy & damage with ranged weapons and melee
   (-6).
   rElec:     It insulates you from electricity.
   rCorr:     It protects you from acid and corrosion.
 n - the ring "Sumiamim" {^Drain rC++ Str+6 Dex+6}
   (You acquired it on level 14 of the Dungeon)

   [ring of dexterity]

   Str+6:     It affects your strength (+6).
   Dex+6:     It affects your dexterity (+6).
   rC++:      It greatly protects you from cold.
   ^Drain:    It drains your maximum health when unequipped.
 r - an amulet of guardian spirit
 s - a +6 ring of intelligence
 u - a ring of positive energy (left paw)
 A - a +4 ring of protection
 D - a +6 ring of dexterity
 F - an amulet of regeneration (around neck)
 I - a ring of wizardry
 J - a ring of positive energy
Wands
 b - a wand of mindburst (10)
 j - a wand of roots (11)
 l - a wand of digging (9)
 m - a wand of quicksilver (10)
 o - a wand of flame (18)
 p - a wand of charming (41)
Scrolls
 f - 5 scrolls of vulnerability
 w - a scroll of torment
 x - 2 scrolls of fog
 y - a scroll of silence
 B - 6 scrolls of identify
 E - a scroll of revelation
 H - a scroll of poison
Potions
 d - 5 potions of might
 h - 3 potions of cancellation
 i - 6 potions of curing
 t - 3 potions of lignification
 v - a potion of enlightenment
 C - 5 potions of attraction
Miscellaneous
 q - a sack of spiders (inert)


   Skills:
 + Level 10.8 Fighting
 - Level 10.0 Dodging
 - Level 10.0 Stealth
 - Level 12.0 Spellcasting
 + Level 10.8 Summonings
 * Level 20.9 Necromancy
 - Level 5.0 Fire Magic
 - Level 7.0 Air Magic


You had 2 spell levels left.
You knew the following spells:

 Your Spells              Type           Power      Damage    Failure   Level
b - Call Imp              Summ           100%       N/A       1%          2
c - Call Canine Familiar  Summ           57%        N/A       1%          3
d - Summon Blazeheart Go  Fire/Summ      48%        N/A       1%          4
e - Summon Lightning Spi  Summ/Air       51%        N/A       1%          4
A - Animate Dead          Necr           81%        N/A       0%          4
D - Death Channel         Necr           40%        N/A       1%          6
H - Haunt                 Necr/Summ      35%        N/A       6%          7
I - Infestation           Necr           40%        N/A       6%          8

Your spell library contained the following spells:

 Spells                   Type           Power      Damage    Failure   Level
 Necrotise                Necr           100%       1d9       0%          1
 Sublimation of Blood     Necr           81%        N/A       0%          2
 Summon Small Mammal      Summ           100%       N/A       1%          1
 Cigotuvi's Dreadful Rot  Necr/Alch/Air  100%       N/A       1%          2
 Freeze                   Ice            52%        1d6       4%          1
 Magic Dart               Conj           52%        1d5       4%          1
 Sandblast                Erth           26%        2d8       4%          1
 Jinxbite                 Hex            26%        N/A       8%          2
 Searing Ray              Conj           26%        2d5       8%          2
 Vampiric Draining        Necr           81%        2d11      0%          3
 Dispel Undead            Necr           81%        3d26      0%          4
 Martyr's Knell           Necr/Summ      70%        N/A       1%          4
 Curse of Agony           Necr           81%        N/A       1%          5
 Volatile Blastmotes      Fire/Tloc      48%        2d14      5%          3
 Borgnjor's Revivificati  Necr           40%        N/A       6%          8
 Frozen Ramparts          Ice            26%        1d4       14%         3
 Gell's Gravitas          Tloc           13%        N/A       14%         3
 Hailstorm                Conj/Ice       13%        3d6       14%         3
 Passwall                 Erth           13%        N/A       14%         3
 Stone Arrow              Conj/Erth      26%        3d8       14%         3
 Teleport Other           Tloc           13%        N/A       14%         3
 Ignite Poison            Fire/Alch      24%        N/A       17%         4
 Brom's Barrelling Bould  Conj/Erth      13%        2d4       43%         4
 Fulminant Prism          Conj/Alch      6%         3d6       43%         4
 Iskenderun's Mystic Bla  Conj/Tloc      13%        2d5       43%         4
 Freezing Cloud           Conj/Ice/Air   11%        6-21      47%         5
 Death's Door             Necr           40%        N/A       67%         9
 Yara's Violent Unravell  Hex/Alch       6%         3d5       80%         5
 Dispersal                Tloc           6%         N/A       100%        6
 Enfeeble                 Hex            6%         N/A       100%        7


Dungeon Overview and Level Annotations

Branches:
Dungeon (15/15)            Temple (1/1) D:5            Lair (5/5) D:11
  Swamp (0/4) Lair:2       Spider (1/4) Lair:3        Slime (5/5) Lair:4
    Orc (2/2) D:11            Elf (0/3) Orc:2        Vaults (0/5) D:13
 Depths (0/4) D:15        Ossuary (visited)         Volcano (visited)

Altars:
Ashenzari
Cheibriados
Dithmenos
Fedhas
Gozag
Hepliaklqana
Kikubaaqudgha
Makhleb
Nemelex Xobeh
Okawaru
Qazlal
Ru
Sif Muna
Trog
Uskayaw
Vehumet
Wu Jian
Xom
Yredelemnul
Zin
The Shining One
Beogh
Jiyva

Shops:
D:4 =:   D:9 [*   D:10 [   D:13 !   Orc:2 ::(:

Annotations:
D:8 2 transporters, Newt's ghost, novice BaFi
D:13 3 runed translucent doors, Strat's ghost, journeyman MDFi
Temple 2 transporters
Lair:5 exclusion: obsidian statue
Slime:5 Royal Jelly


Innate Abilities, Weirdness & Mutations

You have sharp claws.
You have razor-sharp teeth.
You have supernaturally acute eyesight. (SInv)
Your thick and shaggy fur keeps you warm. (AC +3, rC+)
Your paws help you pounce on unaware monsters.
You are incapable of wielding weapons or throwing items.
You cannot wear armour.
You gain extra lives every three experience levels.
You have a pair of large antennae on your head. (SInv)
Your melee attacks may engulf your foes in ooze.


Message History

Your freezing wraith hits the meliai but does no damage.
Your freezing wraith completely misses the meliai.
The demonic crawler hits your spectral torpor snail!
The demonic crawler hits your spectral torpor snail.
The demonic crawler hits your spectral torpor snail!
Your phantasmal warrior hits the meliai!!!
The meliai dies!
The dead are flying!
The meliai invokes the aid of its god against you.
Something smites you!
Your spectral jumping spider pounces on the demonic crawler but does no damage.
Your spectral jumping spider bites the demonic crawler but does no damage.
Your life force feels restored.
Your phantasmal warrior disappears in a puff of smoke!
Your wraith disappears in a puff of smoke!
Your meliai zombie barely misses the demonic crawler.
Your meliai zombie hits the demonic crawler but does no damage.
The meliai invokes the aid of its god against you.
Something smites you!
* * * LOW HITPOINT WARNING * * *
Your spectral jumping spider pounces on the demonic crawler but does no damage.
Your spectral jumping spider barely misses the demonic crawler.
The demonic crawler hits your spectral torpor snail!
The demonic crawler hits your spectral torpor snail but does no damage.
The demonic crawler hits your spectral torpor snail.
Your meliai zombie hits the demonic crawler.
Your meliai zombie hits the demonic crawler!
Your spectral torpor snail bites the demonic crawler.
The meliai hits your spectral meliai with a +0 war axe!
The meliai barely misses your spectral meliai.
You swap places.
Your freezing wraith disappears in a puff of smoke! x2
Your spectral jumping spider pounces on the demonic crawler.
Your spectral jumping spider bites the demonic crawler but does no damage.
The demonic crawler completely misses you.
The demonic crawler hits you!
* * * LOW HITPOINT WARNING * * *
The demonic crawler hits you!
You die...
Jiyva sends a jelly to digest your remains.

#.#.#.#.## ...
#...#....^ ## #.=.
....#.. ..##.#
#... #....###....#
..#
#..#.##..>#,...#.#
#....<..####....
##....†.#.#..#,
#..###.§ZZZZ.#
###....@Z#)#^#
#....Z#s#§y##
...^#...#Z###~#
##. #####.. ~?. ..
...# ..^ . ....
.#.. ###.. #.# ..


You could see a demonic crawler (ally target), a friendly spectral jumping
spider, a friendly spectral torpor snail, 2 friendly spectral meliai and 2
friendly meliai zombies.

Vanquished Creatures
  3 rockslimes
  3 quicksilver oozes
  Nessos (D:15)
  3 dire elephants (Lair:5)
  2 great orbs of eyes
  3 hydras
  2 two-headed ogres
  Urug (Orc:1)
  A spectral anaconda (Lair:5)
  3 skeletal warriors (D:12)
  An orc knight (Orc:2)
  6 ugly things
  A manticore (D:12)
  8 elephants
  3 black mambas
  2 komodo dragons
  2 cane toads
  3 nameless horrors (D:4)
  Jeremiah (Lair:1)
  A kobold demonologist (D:13)
  A rime drake (Lair:2)
  4 unseen horror zombies (D:9)
  3 trolls
  A polar bear (Lair:5)
  7 slime creatures
  3 wraiths
  3 water elementals
  A wyvern (Lair:1)
  A fire bat (Volcano)
  A steam dragon (D:8)
  17 yaks
  A death yak simulacrum (Lair:5)
  2 vampire mosquitoes (D:10)
  5 water moccasins
  A dream sheep zombie (Lair:5)
  4 orc warriors
  2 black bears
  3 ice beasts
  2 wolves (Lair:2)
  2 ogres
  2 centaurs
  An elephant zombie (Lair:5)
  A phantom (D:5)
  A bullfrog (D:7)
  Blork the orc (D:4)
  A wyvern zombie (D:9)
  A jelly (Orc:1)
  18 killer bees
  A tengu zombie (D:15)
  4 electric eels
  A lava snake (Volcano)
  A bombardier beetle (D:7)
  A hound (D:5)
  2 orc priests
  A gnoll bouda (D:8)
  Natasha (D:3)
  3 orc wizards (Orc:2)
  An ogre zombie (Orc:2)
  2 howler monkey zombies (D:9)
  4 gnolls
  3 adders
  A shadow imp (D:8)
  3 ufetubi (D:5)
  9 orcs
  A giant cockroach (D:2)
  A goblin (D:3)
  2 jackals (D:3)
  4 ball pythons
  4 kobolds
  2 orc skeletons (D:5)
  6 orc zombies
  A rat (D:2)
199 creatures vanquished.

Vanquished Creatures (collateral kills)
  Dissolution (Slime:5)
  Jorgrun (D:15)
  Rupert (D:13)
  14 acid blobs
  6 azure jellies
  Kirke (D:15)
  6 rockslimes
  11 quicksilver oozes
  6 formless jellyfish
  Azrael (D:12)
  2 dire elephants (Lair:5)
  4 great orbs of eyes
  Erolcha (Orc:1)
  2 hydras
  An ogre mage (D:13)
  7 boulder beetles
  A jorogumo (Spider:1)
  7 centaur warriors
  A death knight (D:15)
  A hell hog (Volcano)
  2 two-headed ogres (D:13)
  A death yak (Lair:5)
  A vampire mage (D:15)
  2 orc high priests (Orc:2)
  A storm dragon zombie (D:15)
  Nergalle (Lair:2)
  Sonja (D:10)
  2 spectral death yaks (Lair:5)
  5 skeletal warriors
  An obsidian statue (D:13)
  A bog body (Lair:2)
  A lindwurm (Volcano)
  A deep elf pyromancer (D:15)
  4 necromancers
  A phantasmal warrior (D:15)
  An orc knight (Orc:1)
  6 orc sorcerers
  4 wolf spiders
  2 ugly things (D:15)
  A cyclops (D:15)
  3 shining eyes
  5 manticores
  2 meliai (Spider:1)
  18 elephants
  3 black mambas
  2 kobold blastminers (Orc:1)
  A molten gargoyle (Volcano)
  2 eyes of devastation
  3 gargoyles
  The ghost of AutarchDCSS the Cudgeller, a novice CoGl of Wu Jian (D:5)
  12 cane toads
  3 torpor snails
  A kobold demonologist (D:13)
  3 rime drakes
  2 yaktaurs (D:15)
  An efreet (D:14)
  Psyche (D:10)
  5 komodo dragons
  4 tengu conjurers
  A redback zombie (Spider:1)
  2 freezing wraiths (D:15)
  A polar bear (Lair:3)
  3 trolls
  A wolf spider simulacrum (D:15)
  A tarantella (Lair:3)
  A jumping spider zombie (Spider:1)
  15 blink frogs
  48 slime creatures
  2 dream sheep (Lair:5)
  A glass eye (Slime:5)
  4 jumping spiders
  39 yaks
  A shadow (D:11)
  4 wyverns
  A spriggan skeleton (D:15)
  A culicivora (Spider:1)
  A water elemental (D:15)
  6 hogs (D:15)
  3 basilisks
  4 fire bats (Volcano)
  A wraith (D:12)
  4 fire elementals (D:12)
  A golden eye (Slime:5)
  4 steam dragons
  2 wargs (Orc:2)
  2 redbacks (Spider:1)
  3 vampire mosquitoes (D:13)
  A death yak simulacrum (Lair:5)
  4 water moccasins
  4 hell hounds (D:12)
  13 orc warriors
  2 manticore zombies (D:15)
  2 black bears
  An elephant zombie (Lair:5)
  5 ogres
  5 centaurs
  13 wolves
  An elephant skeleton (Lair:5)
  2 yaktaur zombies (D:15)
  An elf zombie (D:5)
  2 kobold brigands
  8 bullfrogs
  A scorpion (D:5)
  A wyvern zombie (D:9)
  2 gnoll sergeants (D:9)
  A warg zombie (Orc:2)
  2 elf skeletons (D:5)
  A cane toad simulacrum (Lair:5)
  An elephant simulacrum (Lair:5)
  A troll zombie (Orc:2)
  11 killer bees
  3 howler monkeys
  A bombardier beetle (D:6)
  5 lava snakes (Volcano)
  2 centaur zombies
  A jelly (D:5)
  A human zombie (D:5)
  4 gnoll boudas
  10 hounds
  25 orc priests
  Natasha (twice) (D:3)
  5 iguanas
  35 orc wizards
  A killer bee zombie (D:9)
  2 nameless horrors
  8 mummies (Ossuary)
  31 gnolls
  6 adders
  8 shadow imps
  3 white imps
  3 dart slugs
  31 orcs
  3 bats
  An endoplasm (D:4)
  5 giant cockroaches
  3 goblins
  5 hobgoblins
  6 jackals
  A quokka (D:3)
  7 ball pythons
  7 frilled lizards
  3 hobgoblin zombies (Ossuary)
  8 kobolds
  5 kobold zombies
  11 orc zombies
  A rat (D:3)
  A butterfly (Lair:2)
682 creatures vanquished.

Vanquished Creatures (others)
  11 acid blobs
  3 azure jellies
  An angel (D:7)
  5 quicksilver oozes
  A formless jellyfish (Slime:4)
  5 acid blob zombies
  2 great orbs of eyes
  A centaur warrior (D:15)
  3 quicksilver ooze zombies (Slime:5)
  An azure jelly zombie (Slime:1)
  A phantasmal warrior (D:15)
  An ugly thing zombie (D:13)
  A hell hog zombie (Volcano)
  2 black mambas (Lair:5)
  A formless jellyfish zombie (Slime:5)
  A cane toad (Lair:4)
  A death yak zombie (Lair:5)
  A jumping spider zombie (Spider:1)
  A boulder beetle zombie (D:15)
  17 slime creatures
  6 black mamba zombies
  A fire bat (Volcano)
  16 slime creature zombies
  6 cane toad zombies
  2 fire bat zombies (Volcano)
  2 orc warriors (Orc:2)
  An elf zombie (D:15)
  A lindwurm zombie (Volcano)
  A manticore zombie (D:12)
  4 elephant zombies
  A dream sheep zombie (Lair:5)
  A torpor snail zombie (Lair:5)
  An ogre (Orc:2)
  A blink frog zombie (Lair:4)
  5 centaurs
  4 hog zombies (D:15)
  2 rime drake zombies
  3 wyvern zombies
  2 komodo dragon zombies
  2 water moccasin zombies
  2 bullfrogs (Lair:4)
  A hell hound zombie (D:12)
  A warg zombie (Orc:2)
  18 yak zombies
  A polar bear zombie (Lair:5)
  A tengu zombie (D:15)
  25 jellies
  2 wolf zombies (Lair:3)
  2 centaur zombies (D:15)
  A bullfrog zombie (Lair:4)
  6 orc priests
  2 orc wizards (Orc:2)
  2 ogre zombies
  A gnoll (D:9)
  2 steam dragon zombies (Volcano)
  A gnoll zombie (Lair:5)
  23 orc zombies
  8 orcs
  A kobold (D:8)
  3 kobold zombies (D:13)
  109 blazeheart cores
334 creatures vanquished.

Grand Total: 1215 creatures vanquished

Notes
Turn   | Place    | Note
-------+----------+-------------------------------------------
     0 | D:1      | croobank the Felid Summoner began the quest for the Orb.
     0 | D:1      | Reached XP level 1. HP: 9/9 MP: 4/4
   663 | D:1      | Reached XP level 2. HP: 13/13 MP: 3/6
   666 | D:1      | Learned a level 2 spell: Call Imp
   734 | D:1      | Found a faded altar of an unknown god.
  1570 | D:2      | Reached XP level 3. HP: 16/16 MP: 2/7
  1574 | D:2      | Learned a level 3 spell: Call Canine Familiar
  2533 | D:3      | Noticed Natasha
  2558 | D:3      | Killed Natasha
  2559 | D:3      | Reached XP level 4. HP: 9/21 MP: 4/9
  2559 | D:3      | Gained a life (2 lives remaining)
  2712 | D:3      | Noticed Natasha
  2721 | D:3      | Killed Natasha
  2749 | D:3      | Noticed Natasha
  2759 | D:3      | Killed Natasha
  2760 | D:3      | Reached XP level 5. HP: 13/24 MP: 4/10
  3137 | D:4      | Noticed a black bear
  3145 | D:4      | Noticed Blork the orc
  3336 | D:3      | Learned a level 4 spell: Summon Blazeheart Golem
  3417 | D:4      | Noticed a nameless horror
  3418 | D:4      | Noticed a nameless horror
  3444 | D:4      | Found an iron altar of Okawaru.
  3452 | D:4      | Killed a nameless horror
  3702 | D:4      | Killed Blork the orc
  3843 | D:4      | Found Miun's Jewellery Shop.
  3927 | D:4      | Gained mutation: You are covered in thick fur. (AC +2)
                  | [Felid growth]
  3927 | D:4      | Reached XP level 6. HP: 28/28 MP: 3/11
  4016 | D:4      | Noticed a nameless horror
  4026 | D:4      | Killed a nameless horror
  4029 | D:4      | HP: 1/28 [black bear (4)]
  4031 | D:4      | Slain by a black bear
  4031 | D:4      | Lost a life (1 life remaining)
  4042 | D:4      | Killed a nameless horror
  4066 | D:4      | Killed from afar by an orc priest
  4066 | D:4      | Lost a life (0 lives remaining)
  4332 | D:4      | Found Kitufry's Book Shop.
  4702 | D:5      | Entered Level 5 of the Dungeon
  4761 | D:5      | Reached XP level 7. HP: 31/32 MP: 5/12
  4761 | D:5      | Gained a life (1 life remaining)
  4797 | D:5      | Found a sand-covered staircase.
  4812 | D:5      | Reached skill level 1 in Fighting
  4812 | D:5      | Reached skill level 5 in Summonings
  4862 | Ossuary  | Entered an ossuary
  4875 | Ossuary  | Reached skill level 5 in Stealth
  5172 | D:5      | Reached skill level 5 in Dodging
  5222 | D:5      | Found a staircase to the Ecumenical Temple.
  5266 | Temple   | Found a transporter.
  5266 | Temple   | Found a transporter.
  5266 | Temple   | Found a transporter.
  5266 | Temple   | Found a transporter.
  5266 | Temple   | Entered the Ecumenical Temple
  5342 | Temple   | Became a worshipper of Kikubaaqudgha
  5380 | D:5      | Slain by a white imp
  5380 | D:5      | Lost a life (0 lives remaining)
  5407 | D:5      | Reached XP level 8. HP: 14/39 MP: 4/15
  5674 | D:5      | Found a large runed translucent door.
  5674 | D:5      | Found a large runed translucent door.
  5676 | D:5      | Noticed AutarchDCSS's ghost (novice CoGl)
  5879 | D:5      | Learned a level 4 spell: Summon Lightning Spire
  7044 | D:5      | Killed AutarchDCSS's ghost
  7044 | D:5      | Reached * piety under Kikubaaqudgha
  7044 | D:5      | Received a gift from Kikubaaqudgha
  7045 | D:5      | Reached skill level 5 in Spellcasting
  7045 | D:5      | Reached skill level 5 in Fire Magic
  7045 | D:5      | Reached skill level 1 in Air Magic
  7236 | D:6      | Reached XP level 9. HP: 44/44 MP: 9/18
  8948 | D:7      | Found a shimmering altar of Xom.
  8983 | D:7      | Noticed an angel
  9001 | D:7      | Found a glowing silver altar of Zin.
  9013 | D:7      | Learned a level 4 spell: Animate Dead
  9017 | D:7      | Killed an angel
  9716 | D:8      | Reached ** piety under Kikubaaqudgha
 10232 | D:8      | Noticed a queen bee
 10240 | D:8      | Noticed Newt's ghost (novice BaFi)
 10297 | D:8      | Found a transporter.
 10300 | D:8      | Found a transporter.
 10368 | D:8      | Noticed a two-headed ogre
 10375 | D:8      | Killed a two-headed ogre
 10376 | D:8      | Reached XP level 10. HP: 51/51 MP: 17/21
 10376 | D:8      | Gained a life (1 life remaining)
 10473 | D:9      | Found a basalt altar of Yredelemnul.
 10480 | D:9      | Noticed a two-headed ogre
 10481 | D:9      | Reached skill level 5 in Fighting
 10488 | D:9      | Killed a two-headed ogre
 10808 | D:9      | Found a radiant altar of Vehumet.
 10841 | D:9      | Found a bloodstained altar of Trog.
 10841 | D:9      | Found a sacrificial altar of Ru.
 10843 | D:9      | Found a broken altar of Ashenzari.
 10959 | D:9      | Found Gury's Assorted Antiques.
 10963 | D:9      | Bought a coral ring for 165 gold pieces
 10963 | D:9      | Bought 3 scrolls of identify for 198 gold pieces
 11048 | D:9      | Reached *** piety under Kikubaaqudgha
 11048 | D:9      | Received a gift from Kikubaaqudgha
 11587 | D:9      | Reached XP level 11. HP: 56/56 MP: 17/24
 11617 | D:9      | Found Nakuzaz's Armour Shoppe.
 12312 | D:10     | Entered Level 10 of the Dungeon
 12382 | D:10     | Noticed Sonja
 12390 | D:10     | Killed Sonja
 12473 | D:10     | Reached **** piety under Kikubaaqudgha
 12861 | D:10     | Noticed Psyche
 12871 | D:10     | Killed Psyche
 13375 | D:10     | Found Miumma Ziugg's Antique Armour Emporium.
 13580 | D:11     | Found a staircase to the Orcish Mines.
 13606 | D:11     | Found a roughly hewn altar of Beogh.
 13754 | D:11     | Found a staircase to the Lair.
 13843 | D:11     | Reached skill level 10 in Stealth
 13925 | D:11     | Noticed a purple ugly thing
 13933 | D:11     | Killed a purple ugly thing
 13934 | D:11     | Reached skill level 5 in Air Magic
 14439 | D:11     | HP: 1/58 [killer bee (4)]
 14442 | D:11     | Reached skill level 10 in Dodging
 14872 | D:12     | Noticed a white ugly thing
 14880 | D:12     | Killed a white ugly thing
 14881 | D:12     | Reached skill level 1 in Necromancy
 15531 | D:12     | Noticed a skeletal warrior
 15536 | D:12     | Noticed Azrael
 15547 | D:12     | Killed a skeletal warrior
 15547 | D:12     | Noticed a skeletal warrior
 15548 | D:12     | Reached skill level 2 in Necromancy
 15584 | D:12     | Noticed a skeletal warrior
 15587 | D:12     | Noticed a skeletal warrior
 15657 | Lair:1   | Entered Level 1 of the Lair of Beasts
 15802 | Lair:1   | Noticed Jeremiah
 15815 | Lair:1   | Killed Jeremiah
 15886 | Lair:1   | Reached skill level 3 in Necromancy
 15968 | Lair:1   | Gained mutation: Your thick and shaggy fur keeps you warm.
                  | (AC +3, rC+) [Felid growth]
 15968 | Lair:1   | Reached XP level 12. HP: 63/63 MP: 22/26
 16033 | Lair:1   | Reached ***** piety under Kikubaaqudgha
 16052 | Lair:1   | Reached skill level 4 in Necromancy
 16068 | Lair:1   | Reached skill level 10 in Spellcasting
 16134 | Lair:1   | Reached skill level 5 in Necromancy
 17177 | Lair:2   | Noticed a boulder beetle
 17187 | Lair:2   | Killed a boulder beetle
 17225 | Lair:1   | Reached skill level 6 in Necromancy
 17537 | Lair:2   | Noticed a five-headed hydra
 17548 | Lair:2   | Killed a five-headed hydra
 17733 | Lair:2   | Noticed a five-headed hydra
 17737 | Lair:2   | Noticed a five-headed hydra
 17760 | Lair:2   | Killed a five-headed hydra
 17771 | Lair:2   | Found a dark tunnel.
 17870 | Volcano  | Entered a volcano
 18073 | Volcano  | Found a burning altar of Makhleb.
 18157 | Volcano  | Reached skill level 7 in Necromancy
 18200 | Volcano  | Reached XP level 13. HP: 27/69 MP: 16/28
 18200 | Volcano  | Gained a life (2 lives remaining)
 18927 | Lair:2   | Reached skill level 10 in Summonings
 18927 | Lair:2   | Reached skill level 8 in Necromancy
 19164 | Lair:2   | Found a staircase to the Swamp.
 19380 | Lair:2   | Noticed Nergalle
 19394 | Lair:2   | Killed Nergalle
 19655 | Lair:3   | Reached skill level 9 in Necromancy
 19896 | Lair:3   | HP: 3/70 [wolf (6)]
 19896 | Lair:3   | Mangled by a wolf
 19896 | Lair:3   | Lost a life (1 life remaining)
 20043 | Lair:3   | Found a hole to the Spider Nest.
 20792 | Lair:4   | Learned a level 6 spell: Death Channel
 20822 | Lair:4   | Reached skill level 10 in Necromancy
 20879 | Lair:4   | Reached skill level 10 in Fighting
 21313 | Lair:4   | Mangled by a black mamba
 21313 | Lair:4   | Lost a life (0 lives remaining)
 21377 | Lair:4   | Reached skill level 11 in Necromancy
 21774 | Lair:4   | Found a staircase to the Slime Pits.
 21774 | Lair:4   | Found a viscous altar of Jiyva.
 22341 | Lair:4   | Upgraded the game from 0.32-a0-558-g233958a4c4 to
                  | 0.32-a0-560-g4c7f4391e0
 22344 | Lair:5   | Entered Level 5 of the Lair of Beasts
 22363 | Lair:5   | Reached XP level 14. HP: 18/77 MP: 18/29
 22365 | Lair:5   | Reached skill level 12 in Necromancy
 22519 | Lair:5   | Reached ****** piety under Kikubaaqudgha
 22667 | Lair:5   | Reached skill level 13 in Necromancy
 22668 | Lair:5   | Received a gift from Kikubaaqudgha (forbidden knowledge)
 23161 | Lair:5   | Learned a level 7 spell: Haunt
 23542 | Lair:5   | Reached skill level 14 in Necromancy
 25801 | Slime:1  | Entered Level 1 of the Pits of Slime
 25803 | Slime:1  | Noticed a quicksilver ooze
 25803 | Slime:1  | Noticed an acid blob
 25804 | Slime:1  | Noticed a rockslime
 25806 | Slime:1  | Noticed a quicksilver ooze
 25809 | Slime:1  | Killed a quicksilver ooze
 25810 | Slime:1  | Reached skill level 15 in Necromancy
 25827 | Slime:1  | Noticed a quicksilver ooze
 25828 | Slime:1  | Killed a quicksilver ooze
 25869 | Slime:1  | You fall into a shaft and drop 1 floor!
 25978 | Slime:2  | Noticed a quicksilver ooze
 25991 | Slime:2  | Killed a quicksilver ooze
 26024 | Slime:2  | Noticed a rockslime
 26031 | Slime:2  | Killed a rockslime
 26220 | Slime:2  | Noticed a formless jellyfish
 26221 | Slime:2  | Noticed a formless jellyfish
 26224 | Slime:2  | Killed a formless jellyfish
 26225 | Slime:2  | Noticed a formless jellyfish
 26227 | Slime:2  | Killed a formless jellyfish
 26231 | Slime:2  | Killed a formless jellyfish
 26469 | Slime:1  | Noticed an acid blob
 26479 | Slime:1  | Killed an acid blob
 26494 | Slime:1  | Reached skill level 16 in Necromancy
 26499 | Slime:1  | Reached XP level 15. HP: 80/80 MP: 4/30
 26853 | Slime:3  | Noticed an acid blob
 26854 | Slime:3  | Noticed an azure jelly
 26881 | Slime:3  | Noticed an acid blob
 26884 | Slime:3  | Killed an acid blob
 26939 | Slime:3  | Noticed a rockslime
 26949 | Slime:3  | Killed a rockslime
 27265 | Slime:4  | Reached skill level 17 in Necromancy
 27651 | Slime:4  | Noticed an acid blob
 27658 | Slime:4  | Killed an acid blob
 27761 | Slime:5  | Entered Level 5 of the Pits of Slime
 27761 | Slime:5  | Noticed an acid blob
 27767 | Slime:5  | Noticed an azure jelly
 27768 | Slime:5  | Killed an acid blob
 27769 | Slime:5  | Noticed an acid blob
 27792 | Slime:5  | Noticed an acid blob
 27794 | Slime:5  | HP: 2/80 [acid blob/splash of acid (37)]
 27797 | Slime:5  | Killed an acid blob
 27799 | Slime:5  | Noticed an acid blob
 27801 | Slime:5  | Noticed an acid blob
 27803 | Slime:5  | Killed an acid blob
 27809 | Slime:5  | Killed an acid blob
 27828 | Slime:5  | Noticed an acid blob
 27834 | Slime:5  | Killed an acid blob
 27835 | Slime:5  | Noticed an azure jelly
 27839 | Slime:5  | Killed an azure jelly
 27844 | Slime:5  | Noticed a rockslime
 27848 | Slime:5  | Noticed a rockslime
 27849 | Slime:5  | Killed a rockslime
 27856 | Slime:5  | Noticed an acid blob
 27856 | Slime:5  | Noticed an azure jelly
 27856 | Slime:5  | Killed a rockslime
 27865 | Slime:5  | Killed an azure jelly
 27868 | Slime:5  | Killed an acid blob
 27869 | Slime:5  | Reached skill level 18 in Necromancy
 27899 | Slime:5  | Noticed an acid blob
 27900 | Slime:5  | Noticed an acid blob
 27906 | Slime:5  | Killed an acid blob
 27911 | Slime:5  | Killed an acid blob
 27911 | Slime:5  | Noticed an azure jelly
 27913 | Slime:5  | Killed an azure jelly
 27930 | Slime:5  | Noticed an acid blob
 27935 | Slime:5  | Killed an acid blob
 27939 | Slime:5  | Noticed the Royal Jelly
 27941 | Slime:5  | Noticed an acid blob
 27950 | Slime:5  | Noticed an azure jelly
 27955 | Slime:5  | Noticed a rockslime
 27988 | Slime:5  | Killed a rockslime
 27989 | Slime:5  | Killed an azure jelly
 28726 | Slime:5  | Noticed Dissolution
 28735 | Slime:5  | Noticed a rockslime
 28736 | Slime:5  | Noticed an acid blob
 28736 | Slime:5  | Noticed an acid blob
 28742 | Slime:5  | Killed Dissolution
 28743 | Slime:5  | Reached XP level 16. HP: 85/85 MP: 6/32
 28743 | Slime:5  | Gained a life (1 life remaining)
 28783 | Slime:5  | Found a viscous altar of Jiyva.
 28835 | Slime:5  | Fell from the grace of Kikubaaqudgha
 28835 | Slime:5  | Became a worshipper of Jiyva Jonica the Shapeless
 29177 | D:4      | Bought the ring "Tuiff" {rElec rCorr Str+4 Slay-6} for 240
                  | gold pieces
 29177 | D:4      | Bought a ring of positive energy for 240 gold pieces
 29335 | Orc:1    | Entered Level 1 of the Orcish Mines
 29381 | Orc:1    | Noticed Urug
 29405 | Orc:1    | Killed Urug
 29416 | Orc:1    | Was placed under penance by Jiyva
 29937 | Orc:1    | Was forgiven by Jiyva
 30211 | Orc:1    | Noticed Erolcha
 30224 | Orc:1    | Killed Erolcha
 30533 | Orc:2    | Entered Level 2 of the Orcish Mines
 31102 | Orc:2    | Reached * piety under Jiyva
 31107 | Orc:2    | Reached skill level 19 in Necromancy
 31359 | Orc:2    | Found a staircase to the Elven Halls.
 31607 | Orc:2    | Learned a level 3 spell: Frozen Ramparts
 31904 | Orc:2    | Found Gennimiu's Book Shop.
 31904 | Orc:2    | Found Ywes's Weapon Boutique.
 31905 | Orc:2    | Found Tokor's Book Boutique.
 31908 | Orc:2    | Found Maesesorgh's Book Shop.
 31923 | Orc:2    | Learned a level 8 spell: Infestation
 32323 | D:12     | Demolished by a skeletal warrior
 32323 | D:12     | Lost a life (0 lives remaining)
 32483 | D:12     | Killed Azrael
 32821 | D:13     | Found a runed translucent door.
 32824 | D:13     | Found Jexung's Distillery.
 32840 | D:13     | Reached ** piety under Jiyva
 32841 | D:13     | Bought a potion of heal wounds for 55 gold pieces
 32841 | D:13     | Bought a potion of curing for 33 gold pieces
 32841 | D:13     | Bought 2 potions of invisibility for 176 gold pieces
 32841 | D:13     | Bought a potion of curing for 33 gold pieces
 32941 | D:13     | Noticed Rupert
 32948 | D:13     | Killed Rupert
 32989 | D:13     | Noticed Strat's ghost (journeyman MDFi)
 33082 | D:13     | Found a gate to the Vaults.
 33090 | D:13     | Reached skill level 20 in Necromancy
 33103 | D:13     | Found a runed translucent door.
 33128 | D:13     | Found a runed translucent door.
 33129 | D:13     | Found a runed translucent door.
 33370 | D:13     | Found a runed translucent gate.
 33371 | D:13     | Found a runed translucent gate.
 33372 | D:13     | Found a runed translucent gate.
 33765 | D:14     | Identified a scroll of acquirement
 33766 | D:14     | Acquired the ring "Sumiamim" {^Drain rC++ Str+6 Dex+6}
 34098 | D:14     | Found a hazy altar of Hepliaklqana.
 34138 | D:14     | Reached *** piety under Jiyva
 34138 | D:14     | Gained mutation: You have a pair of small antennae on your
                  | head. [Jiyva's grace]
 34138 | D:14     | Gained mutation: You have a pair of antennae on your head.
                  | [Jiyva's grace]
 34138 | D:14     | Gained mutation: You have a pair of large antennae on your
                  | head. (SInv) [Jiyva's grace]
 34138 | D:14     | Gained mutation: Your melee attacks may engulf your foes in
                  | ooze. [Jiyva's grace]
 34646 | D:15     | Entered Level 15 of the Dungeon
 34923 | D:15     | Found a staircase to the Depths.
 35115 | D:15     | Noticed Nessos
 35131 | D:15     | Killed Nessos
 35334 | D:15     | Reached **** piety under Jiyva
 35448 | D:15     | Noticed Jorgrun
 35475 | D:15     | Noticed Kirke
 35478 | D:15     | Killed Jorgrun
 35536 | D:15     | Killed Kirke
 35611 | D:15     | Reached XP level 17. HP: 83/84 MP: 24/34
 36052 | Spider:1 | Entered Level 1 of the Spider Nest
 36147 | Spider:1 | Slain by a demonic crawler

Illustrated notes

Levels and vault maps discovered:
D:1:      dpeg_arrival_oval, layout_loops_corners,
          shapermc_ecumenical_altar_mp_highgroup
D:2:      layout_basic
D:3:      layout_basic, uniq_natasha
D:4:      nicolae_cairo_tiling_large_dashed, layout_rooms,
          overflow_temple_1_default, serial_shops, shop, st_stairs_11,
          nicolae_inconvenience_store, uniq_blork_the_orc
D:5:      layout_cave_pods, minmay_temple_entry_gardened_gates,
          nicolae_ossuary_entry_catacombs, ebering_ghost_disaster_area,
          serial_demonic, serial_demonic_b, serial_demonic_d, serial_demonic_a,
          serial_demonic_c, serial_demonic_c, serial_demonic_g,
          kennysheep_minor_cross
D:6:      layout_basic
D:7:      layout_loops_ring, grunt_temple_overflow_order_and_chaos_1,
          kennysheep_diamond
D:8:      layout_basic, gammafunk_ghost_hive
D:9:      layout_cave_pools, nicolae_yredelemnul_corpse_copse,
          nicolae_overflow_hidden_temple, serial_gnoll_camp,
          gnoll_camp_mini_shop, gnoll_camp_mini_shop, gnoll_camp_mini_loothouse,
          gnoll_camp_huts_moat, gnoll_camp_mini_basic
D:10:     layout_gridville, serial_shops, kennysheep_mini, uniq_sonja,
          uniq_psyche
D:11:     layout_roguey, dpeg_oklobed_lair, minmay_orc_entry_temple_small,
          serial_library_hellmonk_open_square, minivault_4
D:12:     layout_basic, uniq_azrael
D:13:     layout_loops_ring, david_vaults_2, maelrawn_ghost_gauntlet_escape,
          serial_shops, shop, drop_trap, kennysheep_big_empty_room,
          minmay_statue_crystal_thing, uniq_rupert
D:14:     layout_basic, chequers_decorated_corner,
          nicolae_hepliaklqana_hazy_memory
D:15:     gammafunk_depths_entry_grave, layout_gridville, serial_bayou,
          serial_bayou_shore_a, serial_bayou_pond_b, serial_bayou_crossing,
          serial_bayou_pond_e, serial_bayou_ford_a, serial_bayou_lagoon_a,
          corexii_leaking_fountain, uniq_nessos, uniq_jorgrun, uniq_kirke
Temple:   hellmonk_temple_divided_pantheon
Lair:1:   layout_concentric_octagons, grunt_megastairs_3, uniq_jeremiah
Lair:2:   layout_chaotic_city, skrybe_swamp_entry_bodies,
          nicolae_volcano_entry_hallway, lemuel_fruit_fields,
          grunt_megastairs_4, uniq_nergalle
Lair:3:   layout_chaotic_city, spider_nest_entry_rubble, grunt_megastairs_5
Lair:4:   layout_cave_pods, slime_entry_1
Lair:5:   due_jungle_book, layout_gridlike, ldierk_geyser, st_stairs_13,
          dreamdust_gnoll_shepherd
Spider:1: layout_spider_delve
Slime:1:  cheibrodos_slime_lost_civilization_8, layout_caves,
          cheibrodos_slime_lost_civilization_4
Slime:2:  layout_caves
Slime:3:  layout_caves
Slime:4:  layout_caves, cheibrodos_slime_lost_civilization_5
Slime:5:  slime_pit_nicolae_royal_road_to_ruin, uniq_dissolution
Orc:1:    layout_diamond_mine, uniq_erolcha, uniq_urug
Orc:2:    st_orc_mages, layout_caves

Skill      XL: |  1  2  3  4  5  6  7  8  9 10 11 12 13 14 15 16 |
---------------+-------------------------------------------------+-----
Stealth        | 3 4 5 6 8 9 10 | 10.0
Dodging        | 3 4 5 6 8 9 10 | 10.0
Spellcasting   | 3 4 5 7 8 9 10 11 12 | 12.0
Fire Magic     | 2 4 5 |  5.0
Fighting       | 1 3 4 5 7 8 10 | 10.8
Summonings     | 5 6 7 8 9 10 | 10.8
Air Magic      | 1 3 4 5 7 |  7.0
Necromancy     | 3 7 11 16 18 20 | 20.9

Action                     |  1- 3 |  4- 6 |  7- 9 | 10-12 | 13-15 | 16-18 || total
---------------------------+-------+-------+-------+-------+-------+-------++-------
  Melee: Unarmed           |    16 |    55 |    61 |    89 |    44 |    70 ||   335
         Bite              |     2 |     4 |     5 |    18 |     5 |    20 ||    54
         Punch             |       |       |       |     3 |     2 |       ||     5
   Cast: Summon Small Mamm |    40 |    24 |    39 |    27 |    20 |     4 ||   154
         Call Imp          |    10 |    14 |    33 |    22 |    14 |     6 ||    99
         Call Canine Famil |     6 |    10 |    22 |    19 |    12 |     8 ||    77
         Summon Blazeheart |       |     6 |    45 |    59 |    49 |    39 ||   198
         Summon Lightning  |       |       |     3 |    47 |    76 |    28 ||   154
         Animate Dead      |       |       |       |    10 |    32 |    27 ||    69
         Death Channel     |       |       |       |       |    39 |    32 ||    71
         Haunt             |       |       |       |       |    28 |    95 ||   123
         Infestation       |       |       |       |       |       |    26 ||    26
 Invoke: Unearth Wretches  |       |       |       |       |    23 |       ||    23
         Receive Forbidden |       |       |       |       |     1 |       ||     1
  Evoke: Wand              |       |     6 |       |     6 |     9 |    18 ||    39
         Sack of spiders   |       |       |       |       |     1 |     1 ||     2
    Use: Potion            |     1 |     4 |     2 |    10 |     2 |     9 ||    28
         Scroll            |       |     6 |    13 |     7 |    11 |     6 ||    43
   Stab: Sleeping          |     4 |     5 |     6 |     1 |     2 |     1 ||    19
         Distracted        |       |     2 |     2 |     2 |     1 |     1 ||     8
         Paralysed         |       |       |       |       |    17 |       ||    17
 Armour: Skin              |    13 |    36 |    71 |   127 |   101 |   133 ||   481
  Dodge: Dodged            |    33 |    56 |   173 |   312 |   153 |   213 ||   940

Table legend: (Time is in decaauts)
 A = Elapsed time spent in this place.
 B = Non-inter-level travel time spent in this place.
 C = Inter-level travel time spent in this place.
 D = Time resting spent in this place.
 E = Time spent auto-exploring this place.
 F = Levels seen in this place.
 G = Mean time per level.
                   A        B        C        D        E       F      G
               +--------+--------+--------+--------+--------+-----+--------+
         Total |  36161 |  34461 |   1700 |   7182 |  17544 |  31 | 1166.5 |
       Dungeon |  19678 |  18586 |   1092 |   3327 |  11171 |  15 | 1311.9 |
        Temple |     87 |     87 |      0 |     55 |      0 |   1 |   87.0 |
          Lair |   9391 |   9005 |    386 |   2016 |   4809 |   5 | 1878.2 |
   Spider Nest |     97 |     97 |      0 |      0 |      0 |   1 |   97.0 |
    Slime Pits |   3112 |   3008 |    104 |    751 |    417 |   5 |  622.4 |
  Orcish Mines |   2614 |   2497 |    117 |    855 |    847 |   2 | 1307.0 |
       Ossuary |    290 |    290 |      0 |      0 |     58 |   1 |  290.0 |
       Volcano |    889 |    889 |      0 |    177 |    241 |   1 |  889.0 |
               +--------+--------+--------+--------+--------+-----+--------+

Top non-repeatable levels by time:
  Lair:5: 3125 daAuts
     D:5: 2070 daAuts
  Lair:4: 1909 daAuts
  Lair:1: 1890 daAuts
     D:9: 1867 daAuts
   Orc:1: 1776 daAuts
    D:11: 1705 daAuts
     D:3: 1384 daAuts
    D:10: 1316 daAuts
    D:12: 1309 daAuts
     D:1: 1280 daAuts
     D:7: 1268 daAuts
  Lair:2: 1259 daAuts
     D:4: 1216 daAuts
  Lair:3: 1206 daAuts
